 Dungeon Crawl Stone Soup version 0.29-a0-876-gfc89b1a5bd (webtiles) character file.

Game seed: 1095017376414573678

75 buhh the Shooter (level 4, -9/36 HPs)
             Began as a Meteoran Hunter on July 19, 2022.
             Shot with an arrow by a centaur (12 damage)
             ... on level 4 of the Dungeon.
             The game lasted 00:02:17 (1323 turns).

buhh the Shooter (Meteoran Hunter)                  Turns: 1323, Time: 00:02:17

Health: -9/36      AC:  4    Str: 12    XL:     4   Next: 86%
Magic:  5/5        EV: 12    Int: 10    God:
Gold:   112        SH:  0    Dex: 20    Spells: 3/3 levels left

rFire   . . .      SeeInvis .   a - +0 shortbow
rCold   . . .      Faith    .   (shield currently unavailable)
rNeg    . . .      Spirit   .   c - +0 leather armour
rPois   .          Reflect  .   (no helmet)
rElec   .          Harm     .   d - +0 cloak
rCorr   +          Rampage  .   (no gloves)
Will    .....                   (no boots)
Stlth   +.........              (no amulet)
HPRegen 0.12/turn               j - ring of resist corrosion
MPRegen 0.09/turn               (no ring)

@: glowing
A: sense surroundings 1, otherworldly, glowing, explore regen
a: no special abilities


You were on level 4 of the Dungeon.
You visited 1 branch of the dungeon, and saw 4 of its levels.

You collected 112 gold pieces.

Inventory:

Hand Weapons
 a - a +0 shortbow (weapon)
Missiles
 e - 14 poisoned darts
Armour
 c - a +0 leather armour (worn)
 d - a +0 cloak (worn)
Jewellery
 j - a ring of resist corrosion (left hand)
Scrolls
 i - 2 scrolls of identify {unknown}
 l - a scroll of immolation {!r}
 n - a scroll of poison {unknown}
Potions
 b - a potion of resistance {unknown}
 f - a potion of berserk rage {unknown}
 g - a potion of curing {unknown}
 h - a potion of attraction {unknown}
 k - a potion of magic {unknown}
 m - a potion of lignification {unknown}
 o - a potion of heal wounds {unknown}


   Skills:
 - Level 2.1 Fighting
 + Level 6.2 Ranged Weapons
 - Level 2.4 Dodging
 - Level 0.6 Stealth


You had 3 spell levels left.
You didn't know any spells.
Your spell library contained the following spells:

 Spells                   Type           Power      Damage    Failure   Level
 Summon Small Mammal      Summ           0%         N/A       43%         1
 Static Discharge         Conj/Air       0%         3-3/arc   58%         2
 Call Canine Familiar     Summ           0%         N/A       82%         3
 Summon Guardian Golem    Hex/Summ       0%         N/A       82%         3
 Lightning Bolt           Conj/Air       0%         1d11      100%        5
 Maxwell's Capacitive Co  Air            0%         ∞         100%        8


Dungeon Overview and Level Annotations

Branches:
Dungeon (4/15) Zot: 1041
 Temple: D:4-7

Altars:
Hepliaklqana


Innate Abilities, Weirdness & Mutations

You passively map a small area around you.
You are easily found by Zot.
You glow in the dark.
You regain HP and MP as you explore.


Message History

Where to? (Enter - D:3, ? - help)
There is a stone staircase leading down here.
You climb downwards.
There is a stone staircase leading up here.
You now have 112 gold pieces (gained 13).
Found an escape hatch in the floor.
Found a stone staircase leading down.
Found a stone staircase leading up.
A centaur comes into view.
The centaur wields a +0 shortbow.
The centaur shoots an arrow.
The arrow hits you.
You shoot an arrow. The arrow hits the centaur!
The centaur is heavily wounded.
The centaur shoots an arrow.
The arrow hits you!
The centaur shoots an arrow.
The arrow hits you!
You are too injured to fight recklessly!
Fire: a) +0 shortbow
Press: ? - help, Q - select action, (/) - cycle Shift-Dir - straight line, f/p - centaur
Aim: a centaur, wielding a +0 shortbow (heavily wounded, 76% to hit)
You shoot an arrow. The arrow hits the centaur.
The centaur is severely wounded.
The centaur shoots an arrow.
The arrow misses you.
The centaur shoots an arrow.
The arrow closely misses you.
Fire: a) +0 shortbow
Press: ? - help, Q - select action, (/) - cycle Shift-Dir - straight line, f/p - centaur
Aim: a centaur, wielding a +0 shortbow (severely wounded, 76% to hit)
You shoot an arrow. The arrow hits the centaur.
The centaur is almost dead.
The centaur shoots an arrow.
The arrow hits you!
* * * LOW HITPOINT WARNING * * *
The centaur shoots an arrow.
The arrow barely misses you.
Fire: a) +0 shortbow
Press: ? - help, Q - select action, (/) - cycle Shift-Dir - straight line, f/p - centaur
Aim: a centaur, wielding a +0 shortbow (almost dead, 76% to hit)
You shoot an arrow. The arrow barely misses the centaur.
The centaur shoots an arrow.
The arrow hits you!
* * * LOW HITPOINT WARNING * * *
An endoplasm comes into view.
The centaur shoots an arrow.
The arrow hits you!
You die...

#..##.##.....*
#####.....##...##**,
.....#.##.##.....
####.#.##......#######.#
####.#.................#
...#.####.##.....#######
* * ##.#.# ##.###.#.#
#*,#.# ##.#.##.## , .,
..# ##.##.@.# * *, ##
### ####...# , #...# , ,
* ** #...# * * ** #...#
*, * *** **#.... ,,,
.c....#* , , , ,
.....<.# * , *
J........#**


You could see a centaur.

Vanquished Creatures
  A white imp (D:3)
  3 worms
  2 dart slugs
  2 orcs (D:3)
  5 endoplasms
  6 goblins
  6 hobgoblins
  4 jackals (D:3)
  5 kobolds
  A quokka (D:2)
  5 ball pythons
  3 bats
  4 frilled lizards
  5 rats
52 creatures vanquished.

Notes
Turn   | Place    | Note
-------+----------+-------------------------------------------
     0 | D:1      | buhh the Meteoran Hunter began the quest for the Orb.
     0 | D:1      | Reached XP level 1. HP: 17/17 MP: 2/2
    85 | D:1      | Reached XP level 2. HP: 23/24 MP: 3/3
   143 | D:1      | Reached skill level 5 in Ranged Weapons
   308 | D:1      | Reached XP level 3. HP: 29/29 MP: 4/4
   514 | D:2      | Found a faded altar of an unknown god.
   614 | D:2      | Found a hazy altar of Hepliaklqana.
   691 | D:3      | Reached XP level 4. HP: 14/36 MP: 5/5
   729 | D:3      | Reached skill level 6 in Ranged Weapons
  1316 | D:4      | Noticed a centaur
  1323 | D:4      | Shot with an arrow by a centaur

Illustrated notes

Levels and vault maps discovered:
D:1:      minmay_arrival_solitary_statue, layout_loops_cross
D:2:      layout_loops_ring, basic_altar, shapermc_ecumenical_altar_notcrosses,
          minmay_tromino_i4
D:3:      layout_loops_ring, grunt_ministairs_1, minmay_starry_boxes
D:4:      layout_loops_cross, ebering_ghost_reflecting_pool, st_stairs_13,
          chequers_decorated_corner

Skill      XL: |  1  2  3  4 |
---------------+-------------+-----
Ranged Weapons | 5 6 |  6.2
Fighting       | |  2.1
Dodging        | |  2.4
Stealth        | |  0.6

Action                   |  1- 3 |  4- 6 || total
-------------------------+-------+-------++-------
 Fire: Shortbow          |    76 |    60 ||   136
Armor: Leather armour    |     5 |    24 ||    29
Dodge: Dodged            |     9 |    43 ||    52

Table legend: (Time is in decaauts)
 A = Elapsed time spent in this place.
 B = Non-inter-level travel time spent in this place.
 C = Inter-level travel time spent in this place.
 D = Time resting spent in this place.
 E = Time spent auto-exploring this place.
 F = Levels seen in this place.
 G = Mean time per level.
                   A        B        C        D        E       F      G
               +--------+--------+--------+--------+--------+-----+--------+
         Total |   1357 |   1328 |     29 |      0 |    999 |   4 |  339.2 |
       Dungeon |   1357 |   1328 |     29 |      0 |    999 |   4 |  339.2 |
               +--------+--------+--------+--------+--------+-----+--------+

Top non-repeatable levels by time:
     D:3: 633 daAuts
     D:1: 375 daAuts
     D:2: 304 daAuts
     D:4: 43 daAuts
